 Dungeon Crawl Stone Soup version 0.30-a0-802-gb92711bcdf (webtiles) character file.

Game seed: 4997781956067073990

36775 jasper the Skirmisher (level 13, -1/89 HPs)
             Began as a Demonspawn Hexslinger on Feb 24, 2023.
             Was a High Priest of Hepliaklqana.
             Slain by a jiangshi (18 damage)
             ... on level 14 of the Dungeon.
             The game lasted 00:40:41 (17206 turns).

jasper the Skirmisher (Demonspawn Hexslinger)      Turns: 17206, Time: 00:40:42

Health: -1/89      AC: 12    Str: 12    XL:     13   Next: 54%
Magic:  0/19       EV: 18    Int: 19    God:    Hepliaklqana [*****.]
Gold:   794        SH:  9    Dex: 13    Spells: 2/14 levels left

rFire   + . .      SeeInvis .    a - +2 sling (flame)
rCold   + . .      Faith    .    C - orb {*channel}
rNeg    + . .      Spirit   +    N - +0 acid dragon scales
rPois   .          Reflect  +    (helmet restricted)
rElec   .          Harm     .    I - +0 cloak
rCorr   +          Rampage  .    (no gloves)
Will    +....                    X - +0 pair of boots
Stlth   ++                       e - amulet of reflection
HPRegen 0.34/turn                Y - ring "Omumy" {rF+ EV+5 Stlth+}
MPRegen 0.32/turn                M - ring of Peace {rC+ rN+ Will+}

@: very slightly contaminated
A: reduced essence, horns 2, yellow scales 1, magic shield, magic regeneration,
magic link, condensation shield
a: Renounce Religion, Recall Ancestor, Ancestor Identity, Transference, Idealise


You were on level 14 of the Dungeon.
You worshipped Hepliaklqana.
Hepliaklqana was extremely pleased with you.
You visited 3 branches of the dungeon, and saw 18 of its levels.

You collected 866 gold pieces.
You spent 72 gold pieces at shops.

Inventory:

Hand Weapons
 a - a +2 sling of flaming (weapon)
 A - a +0 shortbow
 Q - a +0 arbalest
Missiles
 O - a curare-tipped dart
Armour
 C - an orb of energy (worn)
 E - a +1 ring mail of cold resistance
 I - a +0 cloak (worn)
 J - a +0 troll leather armour
 N - +0 acid dragon scales (worn)
 R - +0 ice dragon scales
 X - a +0 pair of boots (worn)
Jewellery
 e - an amulet of reflection (around neck)
 o - a ring of fire
 s - a +6 ring of intelligence
 t - a +4 ring of protection
 x - a ring of protection from cold
 y - a ring of fire
 M - the ring of Peace (right hand) {rC+ rN+ Will+}
   (You acquired it on level 10 of the Dungeon)

   [ring of willpower]

   rC:        It protects you from cold.
   rN:        It protects you from negative energy.
   Will:      It increases your willpower.
 T - a ring of protection from fire
 Y - the ring "Omumy" (left hand) {rF+ EV+5 Stlth+}
   (You found it on level 2 of the Lair of Beasts)

   [ring of evasion]

   EV:        It affects your evasion (+5).
   rF:        It protects you from fire.
   Stlth:     It makes you more stealthy.
 Z - a +4 ring of protection
Wands
 u - a wand of acid (1)
 H - a wand of iceblast (12)
 K - a wand of digging (2)
 L - a wand of polymorph (11)
 P - a wand of flame (4)
Scrolls
 c - a scroll of identify
 h - 6 scrolls of teleportation
 w - 2 scrolls of fear
 B - 2 scrolls of enchant weapon
 G - 4 scrolls of fog
 S - 2 scrolls of brand weapon
 U - 2 scrolls of amnesia
 V - a scroll of poison
 W - a scroll of blinking
Potions
 b - a potion of lignification
 d - 2 potions of degeneration
 f - 3 potions of invisibility
 g - 2 potions of heal wounds
 i - 3 potions of brilliance
 j - 6 potions of ambrosia
 k - 2 potions of might
 l - 9 potions of curing
 n - 2 potions of magic
 v - 3 potions of mutation
 z - 2 potions of haste
 D - a potion of flight
 F - 3 potions of attraction
Miscellaneous
 q - a phantom mirror


   Skills:
 + Level 8.3 Fighting
 - Level 12.0 Ranged Weapons
 + Level 5.9 Armour
 + Level 6.2 Dodging
 - Level 1.0 Spellcasting
 - Level 4.4 Conjurations
 - Level 6.4 Hexes
 - Level 5.0 Translocations
 - Level 5.0 Transmutations
 - Level 3.2 Fire Magic
 - Level 4.0 Air Magic
 - Level 5.0 Earth Magic
 - Level 4.4 Poison Magic
 + Level 8.5 Invocations


You had 2 spell levels left.
You knew the following spells:

 Your Spells              Type           Power      Damage    Failure   Level
a - Ignite Poison         Fire/Tmut/Pois 17%        N/A       14%         3
b - Passwall              Tmut/Erth      15%        N/A       4%          2
c - Portal Projectile     Hex/Tloc       44%        N/A       8%          3
d - Apportation           Tloc           40%        N/A       3%          1
e - Mephitic Cloud        Conj/Pois/Air  17%        N/A       14%         3

Your spell library contained the following spells:

 Spells                   Type           Power      Damage    Failure   Level
 Slow                     Hex            100%       N/A       1%          1
 Sting                    Tmut/Pois      72%        1d6       3%          1
 Magic Dart               Conj           68%        1d6       4%          1
 Poisonous Vapours        Pois/Air       34%        N/A       7%          2
 Static Discharge         Conj/Air       34%        2-4/arc   7%          2
 Ensorcelled Hibernation  Hex/Ice        26%        N/A       11%         2
 Necrotise                Necr           0%         1d4       26%         1
 Summon Small Mammal      Summ           0%         N/A       26%         1
 Call Imp                 Summ           0%         N/A       36%         2
 Inner Flame              Hex/Fire       19%        N/A       11%         3
 Vhi's Electric Charge    Tloc/Air       36%        N/A       12%         3
 Kindle Blastsparks       Fire/Tloc/Air  32%        2d12      14%         3
 Swiftness                Air            16%        N/A       16%         3
 Cause Fear               Hex            12%        N/A       19%         4
 Leda's Liquefaction      Hex/Erth       11%        N/A       26%         4
 Olgreb's Toxic Radiance  Pois           17%        N/A       38%         4
 Lee's Rapid Deconstruct  Erth           9%         3d7*      67%         5
 Arcjolt                  Conj/Air       8%         1d18      78%         5
 Lightning Bolt           Conj/Air       8%         1d21      78%         5
 Freezing Cloud           Conj/Ice/Air   5%         6-21      93%         5
 Statue Form              Tmut/Erth      12%        N/A       99%         6


Dungeon Overview and Level Annotations

Branches:
Dungeon (14/15)            Temple (0/1) D:6            Lair (3/5) D:9
 Shoals (0/4) Lair:3       Spider (0/4) Lair:2          Orc (1/2) D:10
 Vaults (0/5) D:13

Altars:
Ashenzari
Cheibriados
Dithmenos
Hepliaklqana
Makhleb
Nemelex Xobeh
Uskayaw
Vehumet

Shops:
D:10 [*=(((

Annotations:
D:12 3 runed translucent doors, jejorda2's ghost, journeyman MfBe


Innate Abilities, Weirdness & Mutations

Your life essence is reduced to manifest your ancestor. (-10% HP)
You have a pair of horns on your head.
You are partially covered in yellow scales. (AC +2)
When hurt, damage is shared between your health and your magic reserves.
You regenerate magic rapidly.
When low on magic, you restore magic in place of health.
A meltable shield of frost defends you. (SH +4)


Message History

The jiangshi claws you!
The jiangshi draws strength from your injuries!
You block the jiangshi's attack.
You take 12 damage, and have 41/89 hp.
You now have 3/19 mp.
Fire: a) +2 sling (flame)
Press: ? - help, Q - select action, (/) - cycle Shift-Dir - straight line, f/p - jiangshi
Aim: a jiangshi (flame, severely damaged, 68% to hit)
You shoot a sling bullet.
The sling bullet hits the jiangshi but does no damage.
The jiangshi is severely damaged.
You feel sick.
You are no longer poisoned.
The jiangshi is engulfed in blazing flames.
The jiangshi claws you.
The jiangshi draws strength from your injuries!
The jiangshi claws you!
The jiangshi draws strength from your injuries!
You take 14 damage, and have 27/89 hp.
Fire: a) +2 sling (flame)
Press: ? - help, Q - select action, (/) - cycle Shift-Dir - straight line, f/p - jiangshi
Aim: a jiangshi (flame, severely damaged, 68% to hit)
You shoot a sling bullet.
The sling bullet hits the jiangshi but does no damage.
The jiangshi is severely damaged.
The jiangshi is engulfed in blazing flames.
You block the jiangshi's attack. The jiangshi claws you!
* * * LOW HITPOINT WARNING * * *
The jiangshi draws strength from your injuries!
The jiangshi is engulfed in blazing flames.
The jiangshi claws you but does no damage.
The jiangshi misses you.
You take 10 damage, and have 17/89 hp.
Fire: a) +2 sling (flame)
Press: ? - help, Q - select action, (/) - cycle Shift-Dir - straight line, f/p - jiangshi
Aim: a jiangshi (almost destroyed, 68% to hit)
You shoot a sling bullet. The sling bullet hits the jiangshi.
The sling bullet burns the jiangshi.
The jiangshi is almost destroyed.
You block the jiangshi's attack. The jiangshi claws you!!
You die...

.....# .....# .....#
.....# .....#####
.........# ### .........#
#!# .........#
###V###+### .........#
+.@○○.....#
.........######.#####+###
............#.'.#
(........##'###.#####+#
.........##...'.'......
.........####'###+###+#
....###### #.# ....#...##
### ..<.#...'########


You could see a jiangshi.

Vanquished Creatures
  A hydra (D:13)
  An ogre mage (D:11)
  6 two-headed ogres
  A boulder beetle (D:14)
  A centaur warrior (D:14)
  2 death yaks (Lair:2)
  Nergalle (Lair:1)
  2 skeletal warriors
  A deep elf pyromancer (D:12)
  2 cyclopes
  An elephant (Lair:1)
  A black mamba (Lair:2)
  A cane toad (Lair:1)
  A rime drake (Lair:2)
  A komodo dragon (Lair:2)
  A tengu conjurer (D:13)
  An efreet (D:11)
  2 trolls
  A polar bear (Lair:1)
  2 blink frogs (Lair:2)
  2 slime creatures (D:12)
  A jumping spider (shapeshifter) (D:12)
  4 vampires
  2 wraiths
  15 yaks
  2 basilisks
  A steam dragon (D:9)
  A redback (Lair:2)
  2 acid dragons
  2 water moccasins (Lair:2)
  2 black bears (D:9)
  3 orc warriors
  5 ogres
  2 phantoms
  12 centaurs
  A kobold brigand (D:10)
  3 bullfrogs
  A water moccasin zombie (D:7)
  7 wights
  5 electric eels
  6 howler monkeys
  A centaur zombie (D:7)
  A hound (D:5)
  7 orc priests
  A jelly (D:6)
  An iguana (D:6)
  5 orc wizards
  A killer bee zombie (D:7)
  A gnoll (D:8)
  2 adders
  A shadow imp (D:6)
  An ufetubus (D:7)
  2 worms (D:2)
  2 dart slugs
  30 orcs
  7 bats
  2 endoplasms
  3 giant cockroaches
  8 goblins
  9 hobgoblins
  9 quokkas
  6 ball pythons
  5 frilled lizards
  9 kobolds
  7 rats
230 creatures vanquished.

Vanquished Creatures (collateral kills)
  A catoblepas (D:13)
  2 boulder beetles (D:13)
  2 dancing weapons (D:13)
  A skyshark (Lair:2)
  2 skeletal warriors (D:13)
  A deep elf pyromancer (D:13)
  2 ugly things
  2 elephants (Lair:1)
  A cyclops (D:13)
  A black mamba (Lair:1)
  A cane toad (Lair:2)
  3 komodo dragons (Lair:1)
  An unseen horror (D:12)
  2 kobold demonologists (D:13)
  A rime drake (Lair:2)
  2 trolls
  A blink frog (Lair:2)
  Sigmund (D:4)
  12 yaks
  2 jumping spiders (Lair:2)
  A wyvern (D:9)
  2 basilisks (Lair:2)
  3 wraiths
  A redback (Lair:2)
  An acid dragon (D:10)
  5 water moccasins
  3 orc warriors (D:10)
  An ice beast (D:8)
  3 sky beasts
  A black bear (D:8)
  2 ogres
  A centaur (D:10)
  A phantom (D:6)
  7 bullfrogs
  3 scorpions
  4 wights
  4 orc priests
  An iguana (D:5)
  2 orc wizards
  A killer bee zombie (D:7)
  2 gnolls (D:8)
  6 adders
  A shadow imp (D:5)
  A white imp (D:7)
  9 orcs
  An endoplasm (D:2)
  2 goblins (D:4)
  2 hobgoblins
  3 kobolds
  A ball python (D:3)
  3 rats
119 creatures vanquished.

Vanquished Creatures (others)
  An electric eel (D:12)
  2 ancestors
  27 hexers
  3 fungi
  8 plants
  2 withered plants (D:7)
43 creatures vanquished.

Grand Total: 392 creatures vanquished

Notes
Turn   | Place    | Note
-------+----------+-------------------------------------------
     0 | D:1      | jasper the Demonspawn Hexslinger began the quest for the
                  | Orb.
     0 | D:1      | Reached XP level 1. HP: 15/15 MP: 2/2
   144 | D:1      | Reached skill level 2 in Ranged Weapons
   198 | D:1      | Found a faded altar of an unknown god.
   216 | D:1      | Gained mutation: You regenerate magic rapidly. [demonic
                  | ancestry]
   216 | D:1      | Reached XP level 2. HP: 21/21 MP: 3/3
   227 | D:1      | Prayed at the altar of an unknown god.
   227 | D:1      | Became a worshipper of Hepliaklqana the Forgotten
   227 | D:1      | Reached * piety under Hepliaklqana
   993 | D:2      | Reached XP level 3. HP: 7/24 MP: 4/4
  1111 | D:2      | Reached ** piety under Hepliaklqana
  1112 | D:2      | Remembered your ancestor Jesper as a hexer
  1152 | D:2      | Reached skill level 3 in Ranged Weapons
  1661 | D:2      | Reached XP level 4. HP: 29/29 MP: 5/5
  2209 | D:3      | Reached *** piety under Hepliaklqana
  2302 | D:4      | Noticed Sigmund
  2310 | D:4      | Killed Sigmund
  2311 | D:4      | Reached skill level 4 in Ranged Weapons
  2311 | D:4      | Gained mutation: When hurt, damage is shared between your
                  | health and your magic reserves. [demonic ancestry]
  2311 | D:4      | Reached XP level 5. HP: 36/36 MP: 6/6
  2311 | D:4      | Gained mutation: When low on magic, you restore magic in
                  | place of health. [demonic ancestry]
  2311 | D:4      | Reached XP level 6. HP: 42/42 MP: 7/7
  2413 | D:4      | Reached skill level 5 in Ranged Weapons
  2638 | D:4      | Reached XP level 7. HP: 41/48 MP: 6/8
  2678 | D:4      | Found a burning altar of Makhleb.
  2809 | D:4      | Learned a level 2 spell: Passwall
  2813 | D:4      | Learned a level 3 spell: Portal Projectile
  3041 | D:5      | Entered Level 5 of the Dungeon
  3080 | D:5      | Reached skill level 6 in Ranged Weapons
  3234 | D:5      | Reached **** piety under Hepliaklqana
  3459 | D:5      | Learned a level 1 spell: Apportation
  3597 | D:5      | Reached skill level 5 in Fighting
  4267 | D:6      | Reached skill level 7 in Ranged Weapons
  4311 | D:6      | Reached XP level 8. HP: 53/55 MP: 7/9
  4381 | D:6      | Reached skill level 8 in Ranged Weapons
  4436 | D:6      | Found a staircase to the Ecumenical Temple.
  4620 | D:6      | Found a hide-covered altar of Uskayaw.
  4820 | D:7      | Reached skill level 9 in Ranged Weapons
  4890 | D:7      | Reached ***** piety under Hepliaklqana
  5102 | D:7      | Found a snail-covered altar of Cheibriados.
  5103 | D:7      | Found a sparkling altar of Nemelex Xobeh.
  5206 | D:7      | Reached skill level 10 in Ranged Weapons
  5206 | D:7      | Reached XP level 9. HP: 40/60 MP: 10/10
  5210 | D:7      | Learned a level 3 spell: Mephitic Cloud
  5565 | D:8      | Noticed a two-headed ogre
  5643 | D:8      | Reached skill level 11 in Ranged Weapons
  5696 | D:8      | Found a broken altar of Ashenzari.
  5960 | D:8      | Killed a two-headed ogre
  5961 | D:8      | Reached skill level 12 in Ranged Weapons
  6348 | D:9      | Found a staircase to the Lair.
  6348 | D:9      | Noticed a two-headed ogre
  6530 | D:9      | Reached skill level 1 in Invocations
  6766 | D:9      | Noticed a troll
  6774 | D:9      | Killed a troll
  6775 | D:9      | Reached skill level 1 in Transmutations
  6775 | D:9      | Reached skill level 1 in Earth Magic
  6775 | D:9      | Gained mutation: You have a pair of small horns on your
                  | head. [demonic ancestry]
  6775 | D:9      | Reached XP level 10. HP: 66/66 MP: 11/11
  7371 | D:9      | Killed a two-headed ogre
  7843 | D:9      | Found a radiant altar of Vehumet.
  8017 | D:10     | Entered Level 10 of the Dungeon
  8017 | D:10     | Found Xulock's Antique Weapon Boutique.
  8216 | D:10     | Found a staircase to the Orcish Mines.
  8273 | D:10     | Found Dywystel's Jewellery Shoppe.
  8291 | D:10     | Found Mezxasho's Overcharged Wands.
  8342 | D:10     | Found Qubbaz's Antique Weapon Boutique.
  8355 | D:10     | Found a shadowy altar of Dithmenos.
  8368 | D:10     | Identified a scroll of acquirement
  8368 | D:10     | Acquired the ring of Peace {rC+ rN+ Will+}
  8510 | D:10     | Reached skill level 5 in Earth Magic
  8548 | D:10     | Reached skill level 5 in Transmutations
  8555 | D:10     | Reached skill level 1 in Translocations
  8704 | D:10     | Found Plog's Weapon Shoppe.
  8825 | D:10     | Bought a +0 arbalest for 72 gold pieces
  8915 | D:10     | Found Saudef's Antique Armour Boutique.
  9287 | D:11     | Noticed a cyclops
  9294 | D:11     | Killed a cyclops
  9296 | D:11     | Identified the +1 whip of Arcadian Duty {venom, Fly Str-5
                  | Dex+5 SInv}
  9342 | D:11     | Noticed a two-headed ogre
  9342 | D:11     | Noticed a two-headed ogre
  9342 | D:11     | Noticed an ogre mage
  9344 | D:11     | Noticed a two-headed ogre
  9354 | D:11     | Killed an ogre mage
  9355 | D:11     | Gained mutation: A meltable shield of frost defends you.
                  | (SH +4) [demonic ancestry]
  9355 | D:11     | Reached XP level 11. HP: 47/71 MP: 8/12
  9357 | D:11     | Killed a two-headed ogre
  9358 | D:11     | Reached skill level 5 in Hexes
  9360 | D:11     | Killed a two-headed ogre
  9361 | D:11     | Killed a two-headed ogre
  9418 | D:11     | Noticed a two-headed ogre
  9432 | D:11     | Killed a two-headed ogre
  9433 | D:11     | Reached skill level 5 in Translocations
  9494 | D:11     | Reached skill level 1 in Conjurations
  9494 | D:11     | Reached skill level 1 in Poison Magic
  9506 | D:11     | Reached skill level 1 in Air Magic
 10579 | D:12     | Noticed a deep elf pyromancer
 10586 | D:12     | Killed a deep elf pyromancer
 10778 | D:12     | Found a runed translucent gate.
 10778 | D:12     | Found a runed translucent gate.
 10778 | D:12     | Found a runed translucent gate.
 10779 | D:12     | Noticed jejorda2's ghost (journeyman MfBe)
 10780 | D:12     | Noticed a flayed ghost
 10816 | D:12     | Noticed a phantasmal warrior
 10818 | D:12     | Noticed a phantasmal warrior
 11000 | D:12     | Noticed a brown ugly thing
 11011 | D:12     | Killed a brown ugly thing
 11184 | Lair:1   | Entered Level 1 of the Lair of Beasts
 11371 | Lair:1   | Gained mutation: You are partially covered in yellow
                  | scales. (AC +2) [demonic ancestry]
 11371 | Lair:1   | Reached XP level 12. HP: 46/77 MP: 13/13
 11518 | Lair:1   | Reached skill level 1 in Armour
 11746 | Lair:1   | Noticed Nergalle
 11763 | Lair:1   | Killed Nergalle
 12033 | Lair:1   | Reached ****** piety under Hepliaklqana
 12354 | Lair:2   | Identified the ring "Omumy" {rF+ EV+5 Stlth+}
 12583 | Lair:2   | You fall into a shaft and drop 1 floor!
 12783 | Lair:2   | Found a shadowy altar of Dithmenos.
 12802 | Lair:2   | Reached skill level 5 in Invocations
 13051 | Lair:2   | Found a hole to the Spider Nest.
 13376 | Lair:3   | Noticed a death yak
 13377 | Lair:3   | Noticed a death yak
 13380 | Lair:3   | Noticed a death yak
 13380 | Lair:3   | Noticed a death yak
 13490 | Lair:2   | Killed a death yak
 13494 | Lair:2   | Killed a death yak
 13823 | Orc:1    | Entered Level 1 of the Orcish Mines
 14000 | D:10     | Reached skill level 5 in Dodging
 14071 | Orc:1    | Noticed an orc high priest
 14071 | Orc:1    | Noticed an orc warlord
 14375 | D:13     | Noticed a five-headed hydra
 14394 | D:13     | Killed a five-headed hydra
 14756 | D:12     | Gained mutation: You have a pair of horns on your head.
                  | [demonic ancestry]
 14756 | D:12     | Reached XP level 13. HP: 86/86 MP: 18/18
 14927 | D:12     | Reached skill level 5 in Armour
 15859 | D:13     | Learned a level 3 spell: Ignite Poison
 15863 | D:13     | Found a gate to the Vaults.
 15955 | D:13     | Reached skill level 1 in Fire Magic
 17191 | D:14     | Noticed a jiangshi
 17206 | D:14     | Slain by a jiangshi

Illustrated notes

Levels and vault maps discovered:
D:1:      elethiomel_arrival_maze, layout_basic,
          chequers_ecumenical_altar_simple, hex_tiny, columned_hall_lemuel,
          minmay_tromino_v4_b
D:2:      minmay_diamond_boxcup, layout_basic
D:3:      layout_basic, hangedman_decor_opposing
D:4:      layout_basic, lightli_temple_of_fire, uniq_sigmund
D:5:      layout_layer_cave
D:6:      layout_rooms, nicolae_uskayaw_suspiria, minmay_temple_entry_junction_2
D:7:      layout_loops_ring, gammafunk_temple_overflow_pools, serial_undead,
          serial_undead_f, serial_undead_c, serial_undead_b, serial_undead_a
D:8:      layout_rooms, evilmike_ruin_ashenzari
D:9:      layout_layer_cave, mainiacjoe_overflow_alcove_2, david_lair_generic,
          water_boxes_lemuel
D:10:     layout_rooms, lemuel_crystal_altar, david_orc_5, serial_shops,
          nicolae_inconvenience_store, nicolae_shop_statue_plus,
          nicolae_shop_behind_doors, shop, nicolae_shop_hallway_stairs,
          nicolae_shop_overcharged_wands
D:11:     layout_small_grid
D:12:     nicolae_whirlpool, layout_basic, gammafunk_ghost_spectres
D:13:     layout_basic, erik_vaults_1
D:14:     layout_gridville, minivault_27, st_stairs_3, nicolae_nh_vlads_tower,
          uniq_snorg
Lair:1:   layout_regular_city, grunt_megastairs_1, serial_bayou_shore_a,
          uniq_nergalle
Lair:2:   layout_roguey, spider_nest_entry_a, gauntlet_entry_generic,
          basic_altar, grunt_megastairs_2, lemuel_fruit_tree
Lair:3:   layout_cellular_growth, minmay_shoals_entry_lonely_mermaid,
          grunt_megastairs_3, lemuel_fruit_fields
Orc:1:    layout_caves, bh_open_orc_temple, uniq_harold, uniq_jorgrun

Skill      XL: |  1  2  3  4  5  6  7  8  9 10 11 12 13 |
---------------+----------------------------------------+-----
Ranged Weapons | 2 3 4 5 7 10 12 | 12.0
Fighting       | 2 3 4 5 7 8 |  8.3
Invocations    | 1 6 8 |  8.5
Transmutations | 1 5 |  5.0
Earth Magic    | 1 5 |  5.0
Translocations | 3 5 |  5.0
Hexes          | 4 6 |  6.4
Conjurations   | 4 |  4.4
Poison Magic   | 4 |  4.4
Air Magic      | 4 |  4.0
Dodging        | 5 6 |  6.2
Armour         | 4 5 |  5.9
Fire Magic     | 3 |  3.2
Spellcasting   | |  1.0

Action                     |  1- 3 |  4- 6 |  7- 9 | 10-12 | 13-15 || total
---------------------------+-------+-------+-------+-------+-------++-------
   Fire: Sling             |   136 |    99 |   315 |   862 |   324 ||  1736
   Cast: Slow              |     2 |       |       |       |       ||     2
         Mephitic Cloud    |       |       |       |     6 |     5 ||    11
         Ignite Poison     |       |       |       |       |     4 ||     4
 Invoke: Ancestor Life: He |     1 |       |       |       |       ||     1
         Recall Ancestor   |       |     1 |     1 |     5 |     2 ||     9
         Ancestor Identity |       |       |     1 |       |       ||     1
         Idealise          |       |       |       |     1 |     5 ||     6
  Evoke: Wand              |       |       |       |    16 |     4 ||    20
         Phantom mirror    |       |       |       |     1 |       ||     1
    Use: Scroll            |     3 |     6 |     9 |    13 |       ||    31
         Potion            |     1 |       |       |       |     1 ||     2
 Armour: Robe              |     3 |       |       |       |       ||     3
         Leather armour    |     4 |     2 |       |       |       ||     6
         Ring mail         |       |     4 |    22 |     5 |       ||    31
         Acid dragon scale |       |       |       |    99 |    19 ||   118
  Dodge: Dodged            |    22 |    14 |    32 |   179 |    52 ||   299
  Block: Other             |    10 |     6 |     4 |       |       ||    20
         Reflection        |       |     1 |     1 |    21 |     4 ||    27
         Orb               |       |       |    17 |   131 |    39 ||   187

Table legend: (Time is in decaauts)
 A = Elapsed time spent in this place.
 B = Non-inter-level travel time spent in this place.
 C = Inter-level travel time spent in this place.
 D = Time resting spent in this place.
 E = Time spent auto-exploring this place.
 F = Levels seen in this place.
 G = Mean time per level.
                   A        B        C        D        E       F      G
               +--------+--------+--------+--------+--------+-----+--------+
         Total |  17202 |  16332 |    870 |   1980 |  11464 |  18 |  955.7 |
       Dungeon |  14534 |  13847 |    687 |   1739 |   9783 |  14 | 1038.1 |
          Lair |   2560 |   2378 |    182 |    240 |   1645 |   3 |  853.3 |
  Orcish Mines |    107 |    107 |      0 |      0 |     36 |   1 |  107.0 |
               +--------+--------+--------+--------+--------+-----+--------+

Top non-repeatable levels by time:
    D:12: 1772 daAuts
     D:9: 1746 daAuts
    D:10: 1641 daAuts
    D:13: 1483 daAuts
  Lair:2: 1313 daAuts
     D:5: 1223 daAuts
  Lair:1: 1171 daAuts
     D:1: 980 daAuts
    D:11: 976 daAuts
     D:2: 827 daAuts
     D:7: 803 daAuts
     D:8: 761 daAuts
     D:4: 754 daAuts
     D:3: 546 daAuts
     D:6: 509 daAuts
